Map: Disco Bloodbath LE

Players

RazerBlader

  • Race: Terran Terran
  • League: Diamond
  • Spawn Location: 3:00

Kelazhur - Winner!

  • Race: Terran Terran
  • League: Master
  • Spawn Location: 9:00

Event: NationWars 2019

VOD

Have the link to the VOD?

Description

Time

  • Played on: Oct. 12, 2019, 3:04 p.m.
  • Length: 6:55
Show
View Real Time Build Order
Export as new Build Order

RazerBlader Terran 

Build Orders: 2 Factory, Gas First Reaper Expand, Hellion Opening 

Get SALT Encoding   

  12  0:00  SCV  
  13  0:12  SCV  
  14  0:17  Supply Depot  
  14  0:25  SCV  
  14  0:27  Refinery  
  15  0:38  SCV  
  16  0:47  Barracks  
  16  0:50  SCV  
  17  1:03  SCV  
  18  1:15  SCV  
  19  1:34  Orbital Command, Factory  
  19  1:39  Reaper  
  20  1:50  Command Center  
  20  2:00  Factory  
  20  2:03  SCV  
  21  2:14  Barracks Reactor  
  21  2:15  SCV  
  21  2:21  Supply Depot  
  22  2:24  Refinery  
  22  2:27  SCV  
  23  2:42  SCV  
  24  2:54  SCV  
  24  2:56  Starport  
  24  2:57  Hellion  
  24  2:58  Hellion  
  28  3:07  SCV  
  28  3:19  SCV  
  29  3:21  Hellion  
  29  3:24  Hellion  
  31  3:31  SCV  
  29  3:41  Barracks Tech Lab  
  29  3:42  Viking  
  29  3:46  Orbital Command, SCV  
  32  3:52  Hellion x2  
  36  3:58  SCV  
  37  4:07  Supply Depot  
  37  4:10  SCV  
  37  4:12  Starport Tech Lab  
  37  4:15  SCV  
  39  4:19  Cyclone, Marine  
  39  4:22  SCV  
  44  4:27  SCV, Supply Depot  
  41  4:31  Raven  
  41  4:32  Marine  
  41  4:34  SCV  
  45  4:41  SCV  
  45  4:45  Marine  
  47  4:46  SCV  
  47  4:50  Marine  
  49  4:53  SCV  
  49  4:56  Siege Tank  
  49  4:58  SCV  
  54  5:02  Marine  
  54  5:05  SCV  
  56  5:09  Marine  
  56  5:10  SCV  
  58  5:17  SCV  
  58  5:18  Command Center  
  59  5:23  SCV  
  59  5:26  Starport Reactor  
  60  5:29  SCV  
  60  5:33  Barracks  
  60  5:35  SCV  
  62  5:36  Supply Depot  
  62  5:38  Barracks  
  62  5:43  Siege Tank  
  62  5:47  SCV  
  62  5:49  Marine  
  65  5:50  SCV  
  66  5:59  SCV  
  66  6:01  Refinery  
  66  6:03  SCV  
  63  6:07  Marine  
  63  6:08  Engineering Bay x2  
  64  6:11  SCV, Starport Reactor  
  64  6:15  SCV, Siege Tank  
  52  6:26  Marine  
  52  6:30  SCV  
  52  6:31  Marine  
  52  6:32  Marine  
  54  6:33  Barracks Reactor  
  54  6:37  SCV  
Show
View Real Time Build Order
Export as new Build Order

Kelazhur Terran - Winner!

Build Orders:  

Get SALT Encoding   

  12  0:00  SCV  
  13  0:12  SCV  
  14  0:16  Supply Depot  
  14  0:25  SCV  
  14  0:28  Refinery  
  15  0:38  SCV  
  16  0:44  Barracks  
  16  0:50  SCV  
  16  0:53  Refinery  
  17  1:02  SCV  
  18  1:14  SCV  
  19  1:30  Orbital Command  
  19  1:32  Factory  
  19  1:33  Reaper  
  20  1:41  Supply Depot  
  20  1:56  SCV  
  21  2:05  Reaper  
  21  2:08  SCV  
  23  2:16  Hellion  
  23  2:20  SCV  
  26  2:26  Command Center  
  26  2:34  SCV  
  27  2:39  Starport  
  27  2:41  Widow Mine  
  29  2:44  Barracks Tech Lab  
  29  2:46  SCV  
  30  2:57  Supply Depot  
  30  3:00  SCV  
  31  3:18  Barracks Reactor, SCV  
  31  3:19  Cyclone  
  35  3:26  Starport Tech Lab  
  34  3:34  SCV  
  33  3:40  Orbital Command  
  33  3:43  Refinery  
  33  3:46  SCV  
  33  3:47  Raven  
  36  3:56  Marine x2  
  36  3:58  SCV  
  39  4:06  SCV, Siege Tank  
  43  4:10  SCV  
  43  4:13  Supply Depot  
  44  4:18  Marine x2  
  44  4:19  SCV  
  44  4:22  SCV  
  48  4:31  SCV  
  47  4:33  Raven  
  47  4:34  SCV, Supply Depot  
  47  4:38  Marine x2  
  51  4:43  SCV  
  52  4:46  SCV, Command Center  
  52  4:48  Siege Tank  
  56  4:55  SCV, Marine  
  56  4:56  Marine  
  56  4:58  SCV, Supply Depot  
  60  5:07  SCV  
  60  5:10  SCV  
  62  5:14  Refinery  
  62  5:19  SCV  
  63  5:22  SCV, Viking x2, Siege Tank  
  63  5:23  Marine  
  72  5:31  SCV  
  72  5:35  SCV  
  74  5:40  Supply Depot  
  74  5:42  Barracks x2  
  74  5:43  SCV  
  75  5:51  SCV  
  75  5:52  Viking  
  78  5:57  SCV, Viking, Marine  
  78  5:59  Orbital Command  
  78  6:00  Siege Tank  
  85  6:05  SCV  
  85  6:09  SCV  
  86  6:20  SCV  
  85  6:37  SCV  
  86  6:40  Barracks, Barracks Reactor x2  
  86  6:41  Barracks  
Tags
 
Add a new tag
Caveats
  • Supply blocks, unpowered buildings, or Contaminate may cause inaccurate times.
  • Supply counts are checked every 10 seconds.